 Dungeon Crawl Stone Soup version 0.27.0-1-g7a089689b8 (webtiles) character file.

Game seed: 3719596636551769547

413 RandThor the Conjurer (level 6, -5/34 HPs)
             Began as a Deep Elf Conjurer on Aug 9, 2021.
             Killed by divine providence
             ... invoked by an orc priest
              (10 damage)
             ... on level 4 of the Dungeon.
             The game lasted 00:18:40 (3375 turns).

RandThor the Conjurer (Deep Elf Conjurer)           Turns: 3375, Time: 00:18:40

Health: -5/34      AC:  4    Str:  5    XL:     6   Next: 59%
Magic:  1/24       EV: 13    Int: 24    God:
Gold:   124        SH:  0    Dex: 13    Spells: 4/14 levels left

rFire    . . .     SeeInvis .   p - +2 dagger (venom)
rCold    . . .     Faith    .   (no shield)
rNeg     . . .     Spirit   .   a - +0 robe
rPois    .         Reflect  .   i - +0 helmet
rElec    .         Harm     .   (no cloak)
rCorr    +         Rampage  .   m - +0 pair of gloves
Will     .....                  (no boots)
Stlth    ++........             (no amulet)
HPRegen  0.11/turn              b - ring of magical power
MPRegen  0.19/turn              n - ring of resist corrosion

@: no status effects
A: no striking features
a: no special abilities


You were on level 4 of the Dungeon.
You visited 1 branch of the dungeon, and saw 4 of its levels.

You collected 124 gold pieces.

Inventory:

Hand Weapons
 p - a +2 dagger of venom (weapon)
Missiles
 c - 7 atropa-tipped darts
 d - 52 stones
Armour
 a - a +0 robe (worn)
 i - a +0 helmet (worn)
 j - a +0 scale mail
 m - a +0 pair of gloves (worn)
Jewellery
 b - a ring of magical power (left hand)
 n - a ring of resist corrosion (right hand)
 q - a ring of ice
Wands
 g - a wand of paralysis (10)
 h - a wand of digging (7)
Scrolls
 l - 2 scrolls of identify {unknown}
 o - a scroll of holy word {unknown}
 r - a scroll of silence {unknown}
 s - 3 scrolls of enchant weapon {unknown}
Potions
 e - a potion of attraction {unknown}
 f - 3 potions of heal wounds {unknown}
 k - 2 potions of curing {unknown}
 t - a potion of might {unknown}


   Skills:
 + Level 1.5 Fighting
 + Level 4.1 Dodging
 - Level 2.4 Stealth
 + Level 4.8 Spellcasting
 - Level 6.0 Conjurations
 * Level 4.1 Hexes


You had 4 spell levels left.
You knew the following spells:

 Your Spells              Type           Power      Damage    Failure   Level
a - Magic Dart            Conj           100%       1d8       1%          1
b - Searing Ray           Conj           68%        3d5       1%          2
c - Dazzling Flash        Conj/Hex       60%        N/A       3%          3
d - Fulminant Prism       Conj/Hex       15%        3d11      11%         4

Your spell library contained the following spells:

 Spells                   Type           Power      Damage    Failure   Level
 Iskenderun's Mystic Bla  Conj/Tloc      20%        2d6       26%         4
 Summon Forest            Summ/Tloc      2%         N/A       94%         5
 Malign Gateway           Summ/Tloc      2%         N/A       100%        7
 Necromutation            Tmut/Necr      2%         N/A       100%        8


Dungeon Overview and Level Annotations

Branches:
Dungeon (4/15)
 Temple: D:4-7

Altars:

Shops:
D:2 !=

Annotations:
D:1 exclusion: downstairs
D:3 Grinder


Message History

You can't see any susceptible monsters within range! (Use Z to cast anyway.)
The magic dart hits the orc priest but does no damage.
The magic dart hits the orc priest but does no damage.
The magic dart hits the orc priest.
The orc priest is lightly wounded.
Casting: Magic Dart (safe; 1% risk of failure)
Confirm with . or Enter, or press ? or * to list all spells.
Aiming: Searing Ray (safe; 1% risk of failure)
Press: ? - help, Shift-Dir - straight line, f/p - orc priest
Aim: an orc priest, wielding a +0 dagger and wearing a +0 chain mail (lightly wounded, 86% to hit)
The searing ray hits the orc priest but does no damage.
The orc priest is lightly wounded. (Press . to maintain the ray.)
The orc priest calls down the wrath of Beogh upon you.
Beogh smites you!
The searing ray hits the orc priest.
The orc priest is heavily wounded.
The searing ray misses the orc priest.
A goblin comes into view. It is wielding a +0 dagger.
The orc priest invokes the aid of Beogh against you.
You struggle to resist.
Without enough magic to sustain it, your searing ray dissipates.
The orc priest looks braver for a moment.
You barely miss the orc priest.
The orc priest is heavily wounded.
The orc priest hits you with a +0 dagger.
You barely miss the orc priest.
The orc priest is heavily wounded.
The orc priest closely misses you.
You barely miss the orc priest.
The orc priest is heavily wounded.
The orc priest mumbles some strange prayers to Beogh against you.
Beogh smites you!
* * * LOW HITPOINT WARNING * * *
The goblin shouts!
You are too injured to fight recklessly!
You hear an angry hiss.
You hear a shout!
The orc priest invokes the aid of Beogh against you.
Beogh smites you!
You die...

#..... #... . ..... ... .#
###....#..##.##
##..............
.......#.......
.###....#..)†# ..
..##.........##..
#.#..........#...
##....#.@.o....)..
#.....#.....g.....
#..#.........)....
####..#.............. #
##.................... #
#.......###.##........ ##
#.....................
.####....................#
.##......................#


You could see an orc priest and a goblin.

Vanquished Creatures
  A black bear (D:4)
  A necrophage (D:4)
  A scorpion (D:4)
  A hound (D:4)
  An orc wizard (D:4)
  Robin (D:2)
  2 adders (D:2)
  An adder skeleton (D:4)
  A worm (D:2)
  2 dart slugs
  2 orcs (D:4)
  2 endoplasms
  15 goblins
  7 hobgoblins
  7 jackals
  A quokka (D:4)
  6 ball pythons
  6 bats
  3 frilled lizards
  8 kobolds
  9 rats
78 creatures vanquished.

Notes
Turn   | Place    | Note
-------+----------+-------------------------------------------
     0 | D:1      | RandThor the Deep Elf Conjurer began the quest for the Orb.
     0 | D:1      | Reached XP level 1. HP: 10/10 MP: 6/6
   304 | D:1      | Reached XP level 2. HP: 15/15 MP: 8/8
   307 | D:1      | Learned a level 2 spell: Searing Ray
   411 | D:1      | Reached skill level 5 in Conjurations
   860 | D:1      | Found a faded altar of an unknown god.
  1143 | D:2      | Noticed Robin
  1204 | D:2      | Reached XP level 3. HP: 19/19 MP: 9/9
  1320 | D:2      | Killed Robin
  1604 | D:2      | Found Gachak's Distillery.
  1696 | D:2      | Reached XP level 4. HP: 24/24 MP: 11/11
  1726 | D:2      | Learned a level 3 spell: Dazzling Flash
  1830 | D:2      | Found Cosiraig's Jewellery Boutique.
  2342 | D:3      | Noticed Grinder
  2373 | D:3      | You fall into a shaft and drop 1 floor!
  2374 | D:4      | Noticed a scorpion
  2452 | D:4      | Reached skill level 1 in Hexes
  2468 | D:4      | Learned a level 4 spell: Fulminant Prism
  2531 | D:4      | Killed a scorpion
  2532 | D:4      | Reached XP level 5. HP: 12/28 MP: 13/13
  3116 | D:3      | Got the Almanac of Dark Rituals and Displacement
  3198 | D:4      | Noticed a necrophage
  3203 | D:4      | Killed a necrophage
  3204 | D:4      | Reached skill level 1 in Fighting
  3204 | D:4      | Reached skill level 6 in Conjurations
  3240 | D:4      | Reached XP level 6. HP: 34/34 MP: 14/14
  3375 | D:4      | Killed from afar by an orc priest

Illustrated notes

Levels and vault maps discovered:
D:1:      scummos_arrival_checkerplants, layout_basic, basic_ecumenical_altar
D:2:      layout_basic, serial_shops, shop, shop, uniq_robin
D:3:      layout_rooms, uniq_grinder
D:4:      layout_cave_pools, led_sif_book

Skill      XL: |  1  2  3  4  5  6 |
---------------+-------------------+-----
Conjurations   | 5 6 |  6.0
Dodging        | 3 4 |  4.1
Hexes          | 2 3 4 |  4.1
Spellcasting   | 4 |  4.8
Fighting       | 1 |  1.5
Stealth        | |  2.4

Action                   |  1- 3 |  4- 6 || total
-------------------------+-------+-------++-------
Melee: Unarmed           |     1 |       ||     1
       Dagger            |       |     3 ||     3
 Cast: Magic Dart        |    57 |    55 ||   112
       Searing Ray       |     7 |    12 ||    19
Armor: Robe              |       |     2 ||     2
Dodge: Dodged            |     3 |     4 ||     7
